[Event "FICS Team League T30"]
[Site "FICS, San Jose, California USA"]
[Date "2006.05.15"]
[Time "10:08:42"]
[Round "6"]
[White "Darmik"]
[Black "shamrockshire"]
[WhiteElo "2201"]
[BlackElo "1953"]
[TimeControl "2700+45"]
[Mode "ICS"]
[Result "1-0"]

1. d4 e5 2. dxe5 f6 3. e4 Nc6 4. Nf3 fxe5 5. Bc4 Nf6 6. O-O Bc5 7. Nc3 d6
8. Bg5 Bg4 9. h3 h5 10. hxg4 hxg4 11. Nh2 g3 12. Ng4 Nd4 13. Na4 b5 14. Nxc5
dxc5 15. fxg3 bxc4 16. Nxf6+ gxf6 17. Bxf6 Qd7 18. Bxh8 O-O-O 19. Bxe5 Qh7
20. Qg4+ Kb8 21. Rad1 Rg8 22. Qh4
{Black resigns} 1-0

[Event "FICS Team League T30"]
[Site "FICS, San Jose, California USA"]
[Date "2006.05.17"]
[Time "10:22:27"]
[Round "6"]
[White "Wizeman"]
[Black "Maras"]
[WhiteElo "2250"]
[BlackElo "2192"]
[TimeControl "2700+45"]
[Mode "ICS"]
[Result "1/2-1/2"]

1. e4 e6 2. d4 d5 3. e5 c5 4. dxc5 Nc6 5. Nf3 Bxc5 6. Bd3 Nge7 7. O-O Ng6
8. Re1 Bd7 9. Nc3 a6 10. Bg5 Qb6 11. Qd2 Nd4 12. Nxd4 Bxd4 13. Rad1 Qxb2
14. Nxd5 exd5 15. Bxg6 hxg6 16. Qxd4 Qxd4 17. Rxd4
{Game drawn by mutual agreement} 1/2-1/2

[Event "FICS Team League T30"]
[Site "FICS, San Jose, California USA"]
[Date "2006.05.17"]
[Time "19:00:30"]
[Round "6"]
[White "trajanus"]
[Black "HyperMagnus"]
[WhiteElo "2081"]
[BlackElo "2036"]
[TimeControl "2700+45"]
[Mode "ICS"]
[Result "1-0"]

1. Nf3 Nf6 2. d4 e6 3. g3 b6 4. Bg2 Bb7 5. O-O Be7 6. c4 O-O 7. Nc3 d6 8. Qc2
Nbd7 9. e4 e5 10. Rd1 exd4 11. Nxd4 Rb8 12. b3 Re8 13. Bb2 Bf8 14. Re1 Ne5
15. f4 Ng6 16. Rad1 Nd7 17. Nd5 a5 18. a3 Ra8 19. Qc3 Nc5 20. Nf5 Bxd5 21. exd5
Qf6 22. Nh6+ Kh8 23. Qxf6 gxf6 24. Bxf6+ Bg7 25. Nxf7+ Kg8 26. Bxg7 Kxg7
27. Ng5 Nxb3 28. Ne6+ Kg8 29. Nxc7 Rxe1+ 30. Rxe1 Rc8 31. Re8+ Rxe8 32. Nxe8
{Black resigns} 1-0

[Event "FICS Team League T30"]
[Site "FICS, San Jose, California USA"]
[Date "2006.05.22"]
[Time "09:01:34"]
[Round "6"]
[White "Aul"]
[Black "twinders"]
[WhiteElo "1591"]
[BlackElo "1704"]
[TimeControl "2700+45"]
[Mode "ICS"]
[Result "0-1"]

1. e4 c5 2. Nc3 d6 3. Bb5+ Bd7 4. Nf3 Nf6 5. e5 dxe5 6. Nxe5 Bxb5 7. Nxb5
e6 8. Qf3 Qc8 9. d3 Be7 10. Bf4 O-O 11. Nxf7 Rxf7 12. Nc7 Nd5 13. Nxa8 Nxf4
14. Qe4 Nc6 15. g3 Nh3 16. Rf1 Ng5 17. Qe2 e5 18. f4 exf4 19. gxf4 Ne6 20. Qg4
Ncd4 21. O-O-O Qxa8 22. Rde1 Qc8 23. c3 Nf5 24. Re5 Bd6 25. Rxf5 Nd4 26. Rg5
Qxg4 27. Rxg4 Rxf4 28. Rgxf4 Ne2+ 29. Kd1 Nxf4 30. Rf3 g5 31. h3 Kg7 32. Kd2
Kg6 33. Re3 Kf7 34. d4 Ne6 35. Kd3 b5 36. dxc5 Bxc5 37. Re5 a6 38. Ke4 Bd6
39. Rd5 Ke7 40. b3 h6 41. Kf5 Nf4 42. Rd2 Nxh3 43. Re2+ Kd7 44. Re6 Nf2
45. Rxh6 g4 46. Rh7+ Kc6 47. Rg7 g3 48. Rg6 Nd3 49. Ke4 Ne1 50. Ke3 Ng2+
51. Ke4 Nh4 52. Rg5 g2 53. b4 Bh2 54. Rh5 g1=Q 55. Rc5+ Kb6
{White resigns} 0-1

[Event "FICS Team League T30"]
[Site "FICS, San Jose, California USA"]
[Date "2006.05.20"]
[Time "13:04:19"]
[Round "6"]
[White "Anagramm"]
[Black "maeck"]
[WhiteElo "2009"]
[BlackElo "1889"]
[TimeControl "2700+45"]
[Mode "ICS"]
[Result "1-0"]

1. e4 c5 2. Nf3 e6 3. d4 cxd4 4. Nxd4 Nf6 5. Nc3 Nc6 6. a3 d5 7. exd5 exd5
8. Bb5 Bd7 9. O-O Be7 10. Bg5 O-O 11. Nf3 a6 12. Be2 Re8 13. Rb1 Be6 14. Nd4
Nxd4 15. Qxd4 h6 16. Bh4 Rc8 17. Rbd1 Ne4 18. Bxe7 Nxc3 19. Qxc3 Qxe7 20. Qd2
Bf5 21. Bd3 Bxd3 22. Qxd3 Qe4 23. Qxe4 Rxe4 24. Rd2 d4 25. Rfd1 Re6 26. g3
Rec6 27. Rc1 Rb6 28. b4 Rbc6 29. Rxd4 Rxc2 30. Rxc2 Rxc2 31. Rd8+ Kh7 32. Rd7
Ra2 33. Rxf7 Rxa3 34. Rxb7 Rb3 35. Rb6 h5 36. Kg2 g6 37. Kh3 Rb2 38. f4
Kg7 39. Kh4 Rxh2+ 40. Kg5 Rg2 41. Rxg6+ Kf7 42. Kxh5 Rh2+ 43. Kg5 Rg2 44. Kf5
{Black resigns} 1-0

[Event "FICS Team League T30"]
[Site "FICS, San Jose, California USA"]
[Date "2006.05.20"]
[Time "08:55:38"]
[Round "6"]
[White "Doubleletter"]
[Black "arus"]
[WhiteElo "1905"]
[BlackElo "1902"]
[TimeControl "2700+45"]
[Mode "ICS"]
[Result "1-0"]

1. e4 e6 2. d4 d5 3. Nc3 Nf6 4. e5 Nfd7 5. f4 c5 6. Nf3 Nc6 7. Bb5 Be7 8. O-O
O-O 9. Ne2 Qb6 10. Bxc6 bxc6 11. c3 Ba6 12. Re1 cxd4 13. Nexd4 Nc5 14. Be3
Qc7 15. Qc2 Bd3 16. Qd2 Bg6 17. Bf2 Ne4 18. Rxe4 Bxe4 19. Ng5 Bxg5 20. fxg5
Rab8 21. a4 a6 22. b4 Rb7 23. g4 Rfb8 24. Nb3 Ra8 25. Nc5 Rbb8 26. a5 Bg6
27. Bg3 Qe7 28. Rf1 Rb5 29. Bf2 f6 30. gxf6 gxf6 31. exf6 Qxf6 32. Bd4 Qe7
33. Bf6 Qd6 34. Qh6 Qf8 35. Qg5 Rxc5 36. bxc5 Qxc5+ 37. Bd4 h6 38. Qxg6#
{Black checkmated} 1-0

[Event "FICS Team League T30"]
[Site "FICS, San Jose, California USA"]
[Date "2006.05.21"]
[Time "05:32:21"]
[Round "6"]
[White "LLIAMAH"]
[Black "geolas"]
[WhiteElo "1773"]
[BlackElo "1788"]
[TimeControl "2700+45"]
[Mode "ICS"]
[Result "0-1"]

1. c4 e5 2. b3 Nc6 3. Bb2 d6 4. Nf3 f5 5. e3 e4 6. Nd4 Nf6 7. Be2 g6 8. Nxc6
bxc6 9. Na3 Bg7 10. O-O O-O 11. Nc2 c5 12. d4 Nd7 13. Rb1 Bb7 14. Qd2 Qe7
15. b4 cxb4 16. Nxb4 a5 17. Nc2 Ba6 18. Bc3 Nb6 19. Na3 d5 20. c5 Na4 21. Bxa6
Nxc3 22. Qxc3 Rxa6 23. Rb7 f4 24. Nc2 f3 25. g3 Qd7 26. Rfb1 Qh3 27. Ne1
h5 28. Rxc7 Raf6 29. Rbb7 Bh8 30. Qb3 Qf5 31. Rd7 R6f7 32. Qb5 h4 33. Rxf7
Rxf7 34. Rxf7 Qxf7 35. Qxa5 hxg3 36. hxg3 Qb7 37. Qb6 Qa8 38. Qb3 Kf8 39. a4
Qa5 40. Qc2 Qxe1+ 41. Kh2 Qf1 42. c6 Qg2#
{White checkmated} 0-1

[Event "FICS Team League T30"]
[Site "FICS, San Jose, California USA"]
[Date "2006.05.24"]
[Time "07:50:18"]
[Round "6"]
[White "Benkology"]
[Black "jones"]
[WhiteElo "2144"]
[BlackElo "1837"]
[TimeControl "2700+45"]
[Mode "ICS"]
[Result "1-0"]

1. d4 Nf6 2. Nf3 c5 3. c3 e6 4. Bf4 Nh5 5. Bg5 Qb6 6. Qb3 h6 7. Bh4 g5 8. Bg3
Nxg3 9. hxg3 Bg7 10. e3 Nc6 11. Nbd2 d5 12. O-O-O e5 13. Nxe5 Nxe5 14. dxe5
Bxe5 15. Qxd5 Bg7 16. Nc4 Qc7 17. Nd6+ Kf8 18. Nxf7 Qxf7 19. Qxc5+ Qe7 20. Rd8+
Kf7 21. Bc4+ Be6 22. Qf5+ Bf6 23. Bxe6+
{Black resigns} 1-0

[Event "FICS Team League T30"]
[Site "FICS, San Jose, California USA"]
[Date "2006.05.20"]
[Time "11:02:14"]
[Round "6"]
[White "HotDonut"]
[Black "ciedan"]
[WhiteElo "1946"]
[BlackElo "1828"]
[TimeControl "2700+45"]
[Mode "ICS"]
[Result "1-0"]

1. Nf3 Nf6 2. c4 e6 3. d4 Bb4+ 4. Nbd2 O-O 5. a3 Bxd2+ 6. Bxd2 d6 7. e3
Qe7 8. Bd3 e5 9. dxe5 dxe5 10. Bc2 Bg4 11. h3 Bh5 12. g4 Bg6 13. Nh4 Bxc2
14. Qxc2 Nc6 15. Nf5 Qe6 16. O-O-O Rfd8 17. h4 g6 18. Rdg1 Qd7 19. Bc3 Qd3
20. Qxd3 Rxd3 21. Nh6+ Kg7 22. Kc2 Rad8 23. g5 Ne4 24. Be1 Nd2 25. Bxd2
Rxd2+ 26. Kc1 Rxf2 27. Rd1 Kf8 28. Ng4 Rg2 29. Rxd8+ Nxd8 30. Nxe5 Rg3 31. e4
Re3 32. Nd7+ Ke8 33. Rd1 Rh3 34. Nf6+ Ke7 35. Rd7+ Ke6 36. Rxd8 Rxh4 37. Rd7
h6 38. Rxc7 hxg5 39. Nd5 Rxe4 40. Re7+ Kd6 41. Rxe4
{Black resigns} 1-0

[Event "FICS Team League T30"]
[Site "FICS, San Jose, California USA"]
[Date "2006.05.20"]
[Time "15:55:50"]
[Round "6"]
[White "purplepawns"]
[Black "mandragora"]
[WhiteElo "1803"]
[BlackElo "1875"]
[TimeControl "2700+45"]
[Mode "ICS"]
[Result "0-1"]

1. Nf3 Nf6 2. c4 g6 3. g3 Bg7 4. Bg2 O-O 5. O-O c5 6. Nc3 Nc6 7. d3 b6 8. e4
Bb7 9. Nh4 e6 10. e5 Ne8 11. f4 d6 12. exd6 Qxd6 13. Be3 Rd8 14. d4 cxd4
15. Nb5 Qd7 16. Bf2 Na5 17. Bxb7 Qxb7 18. Qd3 Nc6 19. Qe4 Nd6 20. Nxd6 Rxd6
21. a3 Rfd8 22. Rad1 Qc7 23. b4 Ne7 24. Qd3 Rc8 25. Rc1 Rc6 26. Bxd4 Qd7
27. Rfd1 Rd6 28. Qe4 Rxd4 29. Qe2 Rxd1+ 30. Rxd1 Qc7 31. Rc1 Rd8 32. Nf3
Nc6 33. Qe4 Bb2 34. Rb1 Bxa3 35. c5 Bxb4 36. cxb6 Bc5+ 37. Kg2 axb6 38. Ng5
Qd7 39. Rb2 Qd5
{White resigns} 0-1

[Event "FICS Team League T30"]
[Site "FICS, San Jose, California USA"]
[Date "2006.05.23"]
[Time "21:52:44"]
[Round "6"]
[White "dlf"]
[Black "AlefZero"]
[WhiteElo "2046"]
[BlackElo "2250"]
[TimeControl "2700+45"]
[Mode "ICS"]
[Result "0-1"]

1. e4 b6 2. d4 Bb7 3. Bd3 Nf6 4. Nd2 e6 5. Ngf3 c5 6. c3 d5 7. exd5 Qxd5
8. O-O Nc6 9. Qa4 cxd4 10. Nxd4 O-O-O 11. Bc4 Qa5 12. Qxa5 Nxa5 13. Be2
Nc6 14. Nxc6 Bxc6 15. Nf3 Bd6 16. a4 Nd5 17. Nd4 Bb7 18. a5 Kb8 19. Bf3
Ne7 20. axb6 axb6 21. Bxb7 Kxb7 22. Nb5 Bb8 23. Be3 Nf5 24. Rad1 Kc6 25. Nd4+
Nxd4 26. Bxd4 e5 27. Be3 Bc7 28. f3 f5 29. g3 Rhe8 30. Kf2 g6 31. Bg5 Rxd1
32. Rxd1 Bd6 33. Ke2 b5 34. Be3 h5 35. Ra1 e4 36. Ra6+ Kd5 37. Rb6 exf3+
38. Kxf3 Rxe3+
{White resigns} 0-1

[Event "FICS Team League T30"]
[Site "FICS, San Jose, California USA"]
[Date "2006.05.22"]
[Time "20:02:09"]
[Round "6"]
[White "crazyblue"]
[Black "drogowzkaz"]
[WhiteElo "2011"]
[BlackElo "1814"]
[TimeControl "2700+45"]
[Mode "ICS"]
[Result "1-0"]

1. e4 e6 2. d3 d5 3. Nd2 dxe4 4. dxe4 e5 5. g3 Nf6 6. Bg2 Bc5 7. Ngf3 O-O
8. O-O Nc6 9. c3 a5 10. a4 Bg4 11. Qc2 Re8 12. Nc4 h6 13. Be3 Qe7 14. Rad1
Bxe3 15. Nxe3 Rad8 16. Nxg4 Nxg4 17. Qb3 Rxd1 18. Rxd1 Qc5 19. Rd2 Rd8 20. Re2
b6 21. h3 Nf6 22. Kh2 Ne8 23. Nh4 Nd6 24. Nf5 Qc4 25. Qc2 Qe6 26. b4 axb4
27. cxb4 Qc4 28. Qxc4 Nxc4 29. Rc2 Nxb4 30. Rxc4 c5 31. Ne7+ Kf8 32. Nd5
Nd3 33. Rc2 Ra8 34. Nxb6 Ra6 35. Nd7+ Ke7 36. Bf1 Kxd7 37. Bxd3 Ra5 38. Bb5+
Kd6 39. Rd2+ Ke6 40. Rd5 c4 41. Rc5 f5 42. Bxc4+
{Black resigns} 1-0

[Event "FICS Team League T30"]
[Site "FICS, San Jose, California USA"]
[Date "2006.05.19"]
[Time "17:02:55"]
[Round "6"]
[White "Mekk"]
[Black "Valiantangel"]
[WhiteElo "1691"]
[BlackElo "1802"]
[TimeControl "2700+45"]
[Mode "ICS"]
[Result "0-1"]

1. e4 Nf6 2. e5 Nd5 3. d4 d6 4. Bc4 dxe5 5. dxe5 c6 6. Nf3 g6 7. O-O Bg7
8. Nc3 e6 9. Nxd5 exd5 10. Bb3 O-O 11. c3 Bg4 12. Bf4 Nd7 13. Re1 Re8 14. h3
Bxf3 15. Qxf3 Nxe5 16. Qg3 Nd7 17. Bg5 Qb6 18. Be3 Qd8 19. Bg5 Qa5 20. Re3
Rxe3 21. Qxe3 Nf8 22. Re1 Ne6 23. Bh4 Re8 24. Qd2 Qc7 25. Bg3 Qd7 26. Re2
Nc5 27. Bc2 Rxe2 28. Qxe2 Qe6 29. Kf1 Qxe2+ 30. Kxe2 f5 31. f3 Nd7 32. a4
a6 33. Kd3 Kf7 34. b4 Ke6 35. c4 dxc4+ 36. Kxc4 b5+ 37. axb5 axb5+ 38. Kd3
Be5 39. Bb3+ Kf6 40. Bh4+ g5 41. Bf2 Bd6 42. Bd4+ Be5 43. Be3 Bd6 44. Bd4+
Ke7 45. Bc3 Be5 46. Bd2 Kf6 47. Be3 h5 48. g4 fxg4 49. fxg4 hxg4 50. hxg4
Bd6 51. Bd4+ Ke7 52. Kc3 Be5 53. Bc2 Kd6 54. Be4 Bxd4+ 55. Kxd4 Nf6 56. Bf3
Nd5 57. Ke4 Ke6 58. Kd4 Nxb4 59. Kc5 Nd3+ 60. Kxc6 Ne5+ 61. Kxb5 Nxf3 62. Kc4
Ke5 63. Kd3 Kf4 64. Ke2 Kxg4 65. Kf2 Kf4 66. Kg2 g4 67. Kf2 g3+ 68. Kg2
Kg4 69. Kh1 Ng5 70. Kg2 Ne4 71. Kg1 Kf3 72. Kf1 Nc3 73. Kg1 g2
{White resigns} 0-1

[Event "FICS Team League T30"]
[Site "FICS, San Jose, California USA"]
[Date "2006.05.23"]
[Time "13:14:31"]
[Round "6"]
[White "deionsandersson"]
[Black "zota"]
[WhiteElo "1891"]
[BlackElo "1853"]
[TimeControl "2700+45"]
[Mode "ICS"]
[Result "0-1"]

1. e4 c5 2. Nf3 d6 3. d4 cxd4 4. Nxd4 Nf6 5. Nc3 a6 6. Bg5 e6 7. f4 Nc6
8. Nxc6 bxc6 9. e5 h6 10. Bh4 g5 11. fxg5 Nd5 12. Ne4 Qb6 13. gxh6 Qb4+
{White resigns} 0-1

[Event "FICS Team League T30"]
[Site "FICS, San Jose, California USA"]
[Date "2006.05.22"]
[Time "20:03:11"]
[Round "6"]
[White "flibbergibber"]
[Black "roverch"]
[WhiteElo "1860"]
[BlackElo "1889"]
[TimeControl "2700+45"]
[Mode "ICS"]
[Result "0-1"]

1. e4 c5 2. Nf3 d6 3. d4 cxd4 4. Nxd4 Nf6 5. Nc3 a6 6. f4 e5 7. Nf3 Be7
8. fxe5 dxe5 9. Qxd8+ Bxd8 10. Nxe5 O-O 11. Bd3 Re8 12. Nf3 Nxe4 13. Nxe4
f5 14. O-O fxe4 15. Bc4+ Be6 16. Bxe6+ Rxe6 17. Re1 Bb6+ 18. Kf1 Nc6 19. Nd2
Nd4 20. Nc4 Rf8+ 21. Kg1 Nf3+ 22. Kf1 Nd2+ 23. Ke2 Rf2+ 24. Kd1 Nxc4 25. Re2
Rd6+ 26. Ke1 Rxe2+ 27. Kxe2 e3 28. b3 Bd4 29. Rb1 Nd2 30. Bxd2 exd2 31. Kxd2
Bg1+ 32. Ke2 Bxh2 33. a4 Bf4 34. c4 a5 35. Kf3 Rf6 36. Ke4 Bd6 37. Kd5 b6
38. Rb2 Bc5 39. Ke5 Kf7 40. Rd2 Re6+ 41. Kf5 g6+ 42. Kg4 Kf6 43. Rd3 Re3
{White resigns} 0-1

[Event "FICS Team League T30"]
[Site "FICS, San Jose, California USA"]
[Date "2006.05.21"]
[Time "02:02:23"]
[Round "6"]
[White "Litovec"]
[Black "RoZa"]
[WhiteElo "1759"]
[BlackElo "1930"]
[TimeControl "2700+45"]
[Mode "ICS"]
[Result "1-0"]
 
1. e4 e5 2. Nf3 d6 3. Bc4 Be7 4. c3 Nf6 5. Qc2 h6 6. d4 Nbd7 7. O-O c6 8. Be3
Qc7 9. Nbd2 Nf8 10. b4 Be6 11. a4 g5 12. Bxe6 Nxe6 13. dxe5 dxe5 14. Nc4
Ng4 15. h3 Nxe3 16. Nxe3 Nf4 17. Nf5 Bf6 18. Rad1 Rd8 19. Rxd8+ Bxd8 20. Rd1
Be7 21. c4 h5 22. Qb2 f6 23. b5 g4 24. hxg4 hxg4 25. N3h4 Bc5 26. g3 Nh3+
27. Kg2 Nxf2 28. Rb1 Nxe4 29. bxc6 Qxc6 30. Qxb7 Qxb7 31. Rxb7 O-O 32. Nh6+
Kh8 33. Ng6#
{Black checkmated} 1-0

[Event "FICS Team League T30"]
[Site "FICS, San Jose, California USA"]
[Date "2006.05.21"]
[Time "11:08:25"]
[Round "6"]
[White "Sportsmen"]
[Black "baaa"]
[WhiteElo "2227"]
[BlackElo "2065"]
[TimeControl "2700+45"]
[Mode "ICS"]
[Result "1-0"]

1. d4 e6 2. e4 d5 3. e5 c5 4. c3 Nc6 5. Nf3 Bd7 6. Be2 Nge7 7. Na3 Ng6 8. Nc2
Be7 9. O-O O-O 10. Be3 Rc8 11. Bd3 a5 12. Qd2 c4 13. Be2 b5 14. b3 Rb8 15. Rfb1
Bc8 16. bxc4 bxc4 17. Rxb8 Nxb8 18. Rb1 Bd7 19. Nce1 Na6 20. Bd1 Qc7 21. Bg5
Bxg5 22. Qxg5 Rb8 23. Bc2 Rxb1 24. Bxb1 Qb6 25. Bxg6 hxg6 26. Qe7 Qc6 27. Qd8+
Be8 28. Qxa5 Nc7 29. h4 Nb5 30. Ng5 Qd7 31. Qb4 Qa7 32. a4 Nc7 33. a5 Na6
34. Qd6 Nc7 35. Qa3 Na6 36. Nc2 Qb7 37. Kh2 Qb5 38. f4 Nb8 39. Nb4 Qb7 40. a6
Qa7 41. Qa5 f6 42. Nxe6 fxe5 43. fxe5 Qe7 44. Ng5 Bc6
{Black resigns} 1-0

[Event "FICS Team League T30"]
[Site "FICS, San Jose, California USA"]
[Date "2006.05.19"]
[Time "11:04:12"]
[Round "6"]
[White "atilano"]
[Black "Superselector"]
[WhiteElo "1971"]
[BlackElo "2047"]
[TimeControl "2700+45"]
[Mode "ICS"]
[Result "1/2-1/2"]

1. e4 e5 2. Nf3 Nc6 3. Nc3 Nf6 4. d4 Bb4 5. Nxe5 Qe7 6. Nxc6 Qxe4+ 7. Qe2
dxc6 8. Bd2 Qxe2+ 9. Bxe2 Bf5 10. O-O-O O-O-O 11. Bg5 Bxc3 12. bxc3 Rde8
13. Bd3 Ne4 14. Bxe4 Rxe4 15. f3 Re2 16. Rd2 Rhe8 17. Kd1 R2e6 18. Bh4 Re3
19. Re1 Rxe1+ 20. Bxe1 Re3 21. Rf2 Kd7 22. g4 Bg6 23. Kd2 Re8 24. Rf1 f6
25. Bg3 Bf7 26. a3 Bc4 27. Re1
{Game drawn by mutual agreement} 1/2-1/2

[Event "FICS Team League T30"]
[Site "FICS, San Jose, California USA"]
[Date "2006.05.21"]
[Time "09:09:29"]
[Round "6"]
[White "RussoTuristo"]
[Black "fledermaus"]
[WhiteElo "2088"]
[BlackElo "1975"]
[TimeControl "2700+45"]
[Mode "ICS"]
[Result "1/2-1/2"]

1. c4 e5 2. Nc3 Nc6 3. g3 g6 4. Bg2 Bg7 5. e4 Nge7 6. Nge2 O-O 7. O-O d6
8. d3 f5 9. Rb1 a5 10. a3 Be6 11. Nd5 Qd7 12. b4 axb4 13. axb4 fxe4 14. dxe4
Nd4 15. Nxd4 exd4 16. Bb2 Ra2 17. Bxd4 Bg4 18. Nxe7+ Qxe7 19. f3 Be6 20. Rc1
Rfa8 21. Rf2 Rxf2 22. Bxf2 Qf6 23. Qc2 Ra3 24. f4 Rc3 25. Qxc3 Qxc3 26. Rxc3
Bxc3 27. c5
{Game drawn by mutual agreement} 1/2-1/2

[Event "FICS Team League T30"]
[Site "FICS, San Jose, California USA"]
[Date "2006.05.19"]
[Time "22:08:56"]
[Round "6"]
[White "tomito"]
[Black "zcomcon"]
[WhiteElo "2042"]
[BlackElo "1693"]
[TimeControl "2700+45"]
[Mode "ICS"]
[Result "1-0"]

1. d4 f5 2. c4 Nf6 3. Nc3 g6 4. f3 Bg7 5. e4 fxe4 6. fxe4 d6 7. Be2 O-O
8. Nf3 c6 9. e5 Ng4 10. h3 Nh6 11. exd6 exd6 12. Bg5 Qe8 13. O-O Nf5 14. Re1
h6 15. Bd3 Qf7 16. Bxf5 Qxf5 17. Be7 Re8 18. Bxd6 Rxe1+ 19. Qxe1 Be6 20. d5
cxd5 21. Nxd5 Bxd5 22. cxd5 Nd7 23. Qe6+ Kh7 24. Rc1 Nf6 25. Be5 Re8 26. Qxf5
gxf5 27. Rc7 Kg6 28. Nh4+
{Black resigns} 1-0

[Event "FICS Team League T30"]
[Site "FICS, San Jose, California USA"]
[Date "2006.05.21"]
[Time "15:28:16"]
[Round "6"]
[White "scandium"]
[Black "deionsandersson"]
[WhiteElo "1770"]
[BlackElo "1886"]
[TimeControl "2700+45"]
[Mode "ICS"]
[Result "0-1"]

1. d4 Nf6 2. Bg5 e6 3. e4 h6 4. Bxf6 Qxf6 5. Nc3 Bb4 6. Qd3 Nc6 7. Ne2 d6
8. g3 e5 9. O-O-O exd4 10. Nd5 Qd8 11. Nxb4 Nxb4 12. Qb5+ Nc6 13. Nxd4 a6
14. Qc4 Nxd4 15. Qxd4 O-O 16. Bg2 Qg5+ 17. f4 Qa5 18. Qd5 Qxd5 19. exd5
Re8 20. Rde1 Bf5 21. h3 h5 22. Bf3 h4 23. g4 Bd7 24. Kd2 f5 25. g5 g6 26. Rh2
Rxe1 27. Kxe1 Bb5 28. Kd2 Re8 29. b3 a5 30. c4 Bd7 31. Re2 Rxe2+ 32. Bxe2
Kf7 33. Kc3 Ke7 34. a3 c6 35. b4 axb4+ 36. axb4 cxd5 37. cxd5 Ba4 38. Bf3
Bb5 39. Bg2 Kd7 40. Kd4 Kc7 41. Kc3 Kb6 42. Kb3 Be2 43. Kc3 Kb5 44. Kb3
Bd1+ 45. Kc3 Ka4 46. Bf1 Bf3 47. Kc4 b5+ 48. Kc3 Be4 49. Be2 Bg2 50. Bg4
fxg4 51. f5 gxf5 52. Kd4 gxh3 53. g6 h2 54. g7 h1=Q 55. g8=Q Bxd5 56. Qh7
Qe4+ 57. Kc3 Qe3+ 58. Kb2 Qd2+
{White resigns} 0-1

[Event "FICS rated standard game"]
[Site "FICS, San Jose, California USA"]
[Date "2006.05.22"]
[Time "10:09:36"]
[Round "-"]
[White "Litovec"]
[Black "vibi"]
[WhiteElo "1782"]
[BlackElo "1637"]
[TimeControl "2700+45"]
[Mode "ICS"]
[Result "1/2-1/2"]

1. e4 c5 2. Nf3 d6 3. d4 cxd4 4. Nxd4 Nf6 5. Nc3 a6 6. Be3 e5 7. Nb3 Be6
8. Bd3 Nbd7 9. O-O Be7 10. f4 exf4 11. Bxf4 O-O 12. Qe1 Ne5 13. Rd1 Qc7
14. Nd4 b5 15. Nxe6 fxe6 16. Bxe5 dxe5 17. Qg3 Nh5 18. Qg4 Nf4 19. Kh1 Qb6
20. g3 Ng6 21. Rf3 Rxf3 22. Qxf3 Rf8 23. Qg4 Bc5 24. Bf1 Re8 25. Bh3 Qa5
26. Qf3 b4 27. Rd7 Rf8 28. Bxe6+ Kh8 29. Rf7 Rxf7 30. Qxf7 Qd8 31. Nd5 a5
32. Bf5 Ne7 33. Nxe7 Bxe7 34. Qd5 Qc7 35. c3 bxc3 36. bxc3 g6 37. Qa8+ Kg7
38. Qc8 Qb6 39. Qe6 Qb1+ 40. Kg2 Qc2+ 41. Kh3 Kf8 42. Qc8+ Kg7 43. Qd7 Kf8
44. Qc8+ Kg7
{Game drawn by mutual agreement} 1/2-1/2

[Event "FICS Team League T30"]
[Site "FICS, San Jose, California USA"]
[Date "2006.05.21"]
[Time "13:07:27"]
[Round "6"]
[White "MStav"]
[Black "seberg"]
[WhiteElo "1677"]
[BlackElo "1718"]
[TimeControl "2700+45"]
[Mode "ICS"]
[Result "0-1"]

1. d4 Nf6 2. c4 e6 3. Nf3 d5 4. g3 Nbd7 5. Bg2 c6 6. Qc2 Qc7 7. O-O Be7
8. b3 O-O 9. Bb2 c5 10. Nbd2 b6 11. Rac1 Bb7 12. cxd5 Nxd5 13. Ne5 Nxe5
14. dxe5 Nb4 15. Qb1 Bxg2 16. Kxg2 Nc6 17. Qe4 Rfd8 18. Rfd1 Rd5 19. f4
Rad8 20. Bc3 Nd4 21. Nf3 Nxf3 22. Rxd5 Nh4+ 23. gxh4 Rxd5 24. f5 Qd7 25. f6
Bf8 26. h5 gxf6 27. Qg4+ Kh8 28. exf6 Bh6 29. Kh3 Rg5 30. Qf3 e5+ 31. Kh4
Rg8 32. Rf1 Bg5+ 33. Kg3 Bxf6+ 34. Kf2 Bh4+ 35. Ke3 f6 36. Qe4 Rg4 37. Qa8+
Kg7 38. Bxe5 Bg5+ 39. Bf4 Qd4+
{White resigns} 0-1

[Event "FICS Team League T30"]
[Site "FICS, San Jose, California USA"]
[Date "2006.05.21"]
[Time "13:10:28"]
[Round "6"]
[White "Cantopani"]
[Black "CelticDeath"]
[WhiteElo "1822"]
[BlackElo "1753"]
[TimeControl "2700+45"]
[Mode "ICS"]
[Result "1/2-1/2"]

1. c4 Nf6 2. Nc3 g6 3. Nf3 Bg7 4. g3 O-O 5. Bg2 d6 6. O-O e5 7. d4 exd4 8. Nxd4 a6 9. Bg5 c5 10. Nf3 Re8 11. Nd5 h6 12. Bxf6 Bxf6 13. Nxf6+ Qxf6 14. Qd2 Kg7 15. Rad1 Be6 16. b3 Rd8 17. h3 Nc6 18. e3 Ra7 19. Qe2 d5 20. cxd5 Rxd5 21. Nd2 Rd8 22. Ne4 Qe7 23. Rxd8 Nxd8 24. Qb2+ f6 25. Rd1 b6 26. Rd6 {Game drawn by mutual agreement} 1/2-1/2

[Event "FICS Team League T30"]
[Site "FICS, San Jose, California USA"]
[Date "2006.05.20"]
[Time "21:07:00"]
[Round "6"]
[White "BlkSabb"]
[Black "ccucina"]
[WhiteElo "1691"]
[BlackElo "1693"]
[TimeControl "2700+45"]
[Mode "ICS"]
[Result "1-0"]

1. Nf3 d6 2. c4 Nf6 3. g3 e5 4. d3 Nc6 5. Bg2 h6 6. Nbd2 Be7 7. O-O Bd7 8. a3 Nd4 9. Nxd4 exd4 10. Bxb7 Rb8 11. Bg2 c5 12. Re1 O-O 13. e3 dxe3 14. Rxe3 Ng4 15. Re1 Bf6 16. h3 Ne5 17. Ne4 Be7 18. b3 Qc8 19. Kh2 f5 20. Nc3 Qd8 21. Nd5 Bg5 22. f4 Bxf4 23. Bxf4 Re8 24. Bxe5 dxe5 25. b4 cxb4 26. axb4 f4 27. g4 Qh4 28. Qf3 Kh8 29. Re2 Bc6 30. Qf2 Qd8 31. b5 Bxd5 32. Bxd5 Qf6 33. Rxa7 Rf8 34. Ra6 Qg5 35. Re6 Rbe8 36. R2xe5 Qd8 37. Rxe8 Rxe8 38. Rxe8+ Qxe8 39. Be4 Qe5 40. Kg1 Qa1+ 41. Kg2 g5 42. b6 Kg7 43. b7 Qb1 44. c5 Qb4 45. c6 Qe7 46. b8=Q {Black resigns} 1-0

[Event "FICS Team League T30"]
[Site "FICS, San Jose, California USA"]
[Date "2006.05.20"]
[Time "20:35:41"]
[Round "6"]
[White "sixkiller"]
[Black "phorku"]
[WhiteElo "1708"]
[BlackElo "1596"]
[TimeControl "2700+45"]
[Mode "ICS"]
[Result "1-0"]

1. e4 d5 2. exd5 Nf6 3. d4 Nxd5 4. c4 Nf6 5. Nf3 Bg4 6. Be2 e6 7. O-O Nc6 8. Be3 Qd7 9. Ne5 Nxe5 10. dxe5 Qxd1 11. Bxd1 Bxd1 12. Rxd1 Ng4 13. Bf4 Bc5 14. Bg3 O-O 15. Nc3 a6 16. Ne4 Ba7 17. Rd7 Rac8 18. Rad1 Nh6 19. b4 Nf5 20. Bf4 h6 21. g4 Nh4 22. Bg3 Nf3+ 23. Kg2 Ng5 24. Nc3 f6 25. f4 Nf7 26. exf6 gxf6 27. Ne4 Nd6 28. Nxd6 cxd6 29. Rxb7 Bb8 30. c5 Rfd8 31. f5 e5 32. Bh4 dxc5 33. Rxd8+ Rxd8 34. bxc5 Rc8 35. Bxf6 Bc7 36. Kf3 e4+ 37. Kxe4 Bxh2 38. Kd5 Bg1 39. c6 Bh2 40. Rg7+ Kf8 41. Rh7 Bf4 42. Rh8+ Kf7 43. Rxc8 Kxf6 44. c7 Bxc7 45. Rxc7 Kg5 46. Rg7+ Kf4 47. f6 Kg3 48. f7 Kh4 49. f8=Q a5 50. Qa3 a4 51. Qxa4 Kh3 52. Rh7 h5 53. Rxh5+ Kg3 54. Qe4 Kf2 55. Rh3 Kg1 56. Qc2 Kf1 57. Rh1# {Black checkmated} 1-0

[Event "FICS Team League T30"]
[Site "FICS, San Jose, California USA"]
[Date "2006.05.21"]
[Time "20:32:52"]
[Round "6"]
[White "MGoo"]
[Black "dzonson"]
[WhiteElo "1765"]
[BlackElo "1825"]
[TimeControl "2700+45"]
[Mode "ICS"]
[Result "1/2-1/2"]

1. d4 d5 2. c4 e6 3. cxd5 exd5 4. Nc3 Nf6 5. Bg5 Bb4 6. Qc2 O-O 7. e3 Qd6
8. a3 Bxc3+ 9. bxc3 Ne4 10. Bf4 Qc6 11. Bd3 h6 12. c4 Nf6 13. Nf3 dxc4 14. Qxc4
Qxc4 15. Bxc4 c6 16. Rb1 Nbd7 17. Ne5 Nb6 18. Bd3 Nh5 19. Bg3 Nxg3 20. hxg3
Be6 21. O-O Rfd8 22. a4 Rd5 23. Nc4 Nxc4 24. Bxc4 Rd7 25. Bxe6 fxe6 26. Rfc1
Kf7 27. a5 a6 28. Rb6 Kf6 29. Rcb1 Rd5 30. Rxb7 Rxa5 31. Rc7 Rb5 32. Rc1
a5 33. R7xc6 a4 34. R6c2 a3 35. Ra2 Rb2 36. Rca1 Rb3 37. Kf1 Kf5 38. Ke1
Ke4 39. Kd2 Rd3+ 40. Ke2 Rb3 41. Kd2 Rd3+ 42. Ke2 Rb3 43. Kd2
{Game drawn by repetition} 1/2-1/2